 Dungeon Crawl Stone Soup version 0.26-a0-652-gafc20e3620 (console) character file.

Game seed: 7209205591011536854

8837 om the Cleaver (level 11, -10/86 HPs)
             Began as a Minotaur Fighter on Oct 3, 2020.
             Was an Elder of Okawaru.
             Mangled by Snorg (15 damage)
             ... on level 8 of the Dungeon.
             The game lasted 00:23:22 (13508 turns).

om the Cleaver (Minotaur Fighter)                  Turns: 13508, Time: 00:23:23

Health: -10/86     AC: 15    Str: 23    XL:     11   Next: 15%
Magic:  13/13      EV: 14    Int:  5    God:    Okawaru [****..]
Gold:   438        SH: 11    Dex: 11    Spells: 10/10 levels left

rFire    + . .     SeeInvis .   H - +4 war axe
rCold    . . .     Faith    .   c - +0 kite shield
rNeg     . . .     Spirit   .   b - +0 scale mail
rPois    .         Reflect  .   v - +0 hat
rElec    .         Harm     .   (no cloak)
rCorr    .         Rampage  .   a - +1 pair of gloves
MR       .....                  u - +0 pair of boots
Stlth    +.........             (no amulet)
HPRegen  0.24/turn              y - ring of protection from fire
MPRegen  0.13/turn              (no ring)

@: heroism
A: retaliatory headbutt, horns 2
a: Heroism, Renounce Religion


You were on level 8 of the Dungeon.
You worshipped Okawaru.
Okawaru was greatly pleased with you.
You visited 2 branches of the dungeon, and saw 11 of its levels.

You collected 500 gold pieces.
You spent 62 gold pieces at shops.

Inventory:

Hand Weapons
 C - a +0 shortbow
 H - a +4 war axe (weapon)
Missiles
 D - 153 arrows
 I - 13 datura-tipped darts (quivered)
Armour
 a - a +1 pair of gloves (worn)
 b - a +0 scale mail (worn)
 c - a +0 kite shield (worn)
 u - a +0 pair of boots (worn)
 v - a +0 hat (worn)
Jewellery
 s - an uncursed ring of ice
 y - a ring of protection from fire (left hand)
Wands
 x - a wand of flame (51)
Scrolls
 e - 4 scrolls of blinking
 f - 11 scrolls of remove curse
 j - 3 scrolls of random uselessness
 l - 2 scrolls of magic mapping {unknown}
 m - 2 scrolls of fear {unknown}
 n - 15 scrolls of teleportation
 o - 2 scrolls of immolation
 p - 4 scrolls of enchant weapon {unknown}
 q - 2 scrolls of enchant armour {unknown}
 r - 3 scrolls of amnesia
Potions
 d - 2 potions of might
 g - 2 potions of ambrosia
 i - 3 potions of curing
 k - 2 potions of flight
 t - 2 potions of stabbing
 w - a potion of cancellation
 z - 3 potions of haste {unknown}
 A - a potion of berserk rage {unknown}
 B - 2 potions of lignification
 G - a potion of brilliance {unknown}
Miscellaneous
 h - a box of beasts (1/3)
 J - a condenser vane (inert)
 K - a phantom mirror (inert)


   Skills:
 - Level 5.0(10.0) Fighting
 + Level 12.2(17.2) Axes
 + Level 2.3(7.3) Bows
 + Level 11.6(16.6) Armour
 - Level 5.0(10.0) Dodging
 - Level 4.0(9.0) Shields
 - Level 5.0 Invocations
 - Level 6.0 Evocations


You had 10 spell levels left.
You didn't know any spells.
Your spell library contained the following spells:

 Spells                   Type           Power        Failure   Level
 Corona                   Hex            #......      91%         1
 Freeze                   Ice            #...         91%         1
 Magic Dart               Conj           #...         91%         1
 Ensorcelled Hibernation  Hex/Ice        #.....       97%         2
 Searing Ray              Conj           #.....       97%         2
 Confusing Touch          Hex            #.......     100%        3
 Dazzling Flash           Conj/Hex       #.....       100%        3
 Frozen Ramparts          Ice            #.....       100%        3
 Ozocubu's Armour         Ice            #.......     100%        3
 Tukima's Dance           Hex            #.......     100%        3
 Fulminant Prism          Conj/Hex       #.........   100%        4
 Hailstorm                Conj/Ice       #.......     100%        4
 Iskenderun's Mystic Bla  Conj/Tloc      #.......     100%        4
 Summon Ice Beast         Ice/Summ       #.......     100%        4


Dungeon Overview and Level Annotations

Branches:
Dungeon (10/15)            Temple (1/1) D:6            Lair (0/6) D:9
    Orc: D:9-12

Altars:
Ashenzari
Cheibriados
Dithmenos
Elyvilon
Fedhas
Gozag
Hepliaklqana
Kikubaaqudgha
Makhleb
Nemelex Xobeh
Okawaru
Qazlal
Ru
Sif Muna
Trog
Uskayaw
Vehumet
Wu Jian
Xom
Yredelemnul
Zin
The Shining One

Shops:
D:9 *

Annotations:
D:8 Snorg
D:9 2 transporters


Innate Abilities, Weirdness & Mutations

You reflexively headbutt those who attack you in melee.
You have a pair of horns on your head.


Message History

Aiming: Phantom Mirror
Press: ? - help, Dir - move target cursor, f - Snorg
Aim: Snorg (lightly wounded, berserk)
You reflect Snorg with the mirror!
The mirror clouds!
Snorg closely misses Snorg.
Snorg claws Snorg!!
Snorg claws Snorg!
Snorg barely misses Snorg.
Snorg claws Snorg. x2
Snorg bites Snorg!
Snorg claws Snorg. x2; Snorg bites Snorg!!
Snorg misses Snorg.
Snorg claws Snorg!
Snorg closely misses Snorg.
Snorg claws Snorg. x2; Snorg bites Snorg!!
Snorg barely misses Snorg.
Snorg claws Snorg!!
Snorg bites Snorg!!
Snorg claws Snorg!
Snorg dies!
Snorg's corpse shimmers and vanishes!
Snorg rages.
There is a stone staircase leading up here.
Snorg misses you. You furiously retaliate!
You headbutt Snorg! You block Snorg's attack.
Snorg claws you but does no damage.
You climb upwards.
There is a stone staircase leading down here.
Snorg bites you!
* * * LOW HITPOINT WARNING * * *
You block Snorg's attack. Snorg claws you!
You die...

###...####.........####...##
#.......###.......## ##..#
#.##..#.# ##.....## ##.#
##.###.#.# ##...## #.#
#....._..# ##'## #.#
#....#.#.# #.# #.#
#)..##.#.## #.# #.#
##.###....## ##.## #.#
#.......#.###...### #.#
#.####.###.#......#######.#
#........##@#.............#
######.#.#T##..##.#########
##........##.# ##.####..##.#
### #.....# ##.#### #.#
####### #.# #.....#
#.#########
#.###.######.#.......# #.#
#........#.#####.#


You could see Snorg (berserk).

Vanquished Creatures
  A two-headed ogre (D:8)
  3 death yaks (D:9)
  Pikel (D:7)
  A manticore (D:8)
  A gargoyle (D:10)
  A komodo dragon (D:9)
  A troll (D:8)
  2 slime creatures
  3 hippogriffs
  A water moccasin (D:9)
  A porcupine (D:9)
  A sky beast (D:10)
  3 ice beasts
  A phantom (D:4)
  A necrophage (D:5)
  3 black bears
  3 ogres
  5 centaurs
  2 lemures (D:7)
  2 big kobolds (D:7)
  4 bullfrogs
  A gnoll sergeant (D:8)
  A water moccasin zombie (D:6)
  5 killer bees (D:8)
  A howler monkey (D:4)
  A centaur zombie (D:9)
  5 hounds
  6 jellies
  A gnoll shaman (D:8)
  5 orc priests
  A bullfrog skeleton (D:4)
  5 iguanas
  7 worker ants
  7 orc wizards
  2 hell rats (D:9)
  A killer bee zombie (D:7)
  13 adders
  8 gnolls (D:8)
  3 river rats (D:9)
  A shadow imp (D:7)
  5 white imps
  An ufetubus (D:9)
  4 oozes
  2 adder zombies
  An adder skeleton (D:4)
  4 worms
  2 dart slugs
  2 leopard geckos
  26 orcs
  2 giant cockroaches
  6 goblins
  8 hobgoblins
  13 jackals
  18 kobolds
  3 quokkas
  3 ball pythons
  9 bats
  2 frilled lizards
  2 jackal skeletons
  2 quokka skeletons
  11 rats
241 creatures vanquished.

Vanquished Creatures (others)
  2 fungi (D:7)
  9 toadstools (D:7)
11 creatures vanquished.

Grand Total: 252 creatures vanquished

Notes
Turn   | Place    | Note
-------+----------+-------------------------------------------
     0 | D:1      | om the Minotaur Fighter began the quest for the Orb.
     0 | D:1      | Reached XP level 1. HP: 19/19 MP: 0/0
   320 | D:1      | Reached XP level 2. HP: 27/27 MP: 1/1
   522 | D:1      | Reached skill level 3 in Axes
   936 | D:2      | Reached XP level 3. HP: 33/33 MP: 2/2
  1081 | D:2      | Reached skill level 4 in Axes
  1277 | D:2      | Reached XP level 4. HP: 37/40 MP: 3/3
  1586 | D:2      | Found a hazy altar of Hepliaklqana.
  1744 | D:3      | Reached skill level 5 in Axes
  1961 | D:3      | Found a blossoming altar of Fedhas.
  1993 | D:3      | Reached XP level 5. HP: 41/46 MP: 4/4
  2359 | D:3      | Reached skill level 6 in Axes
  2363 | D:3      | You fall into a shaft and drop 2 floors!
  2363 | D:5      | Entered Level 5 of the Dungeon
  2418 | D:4      | Reached skill level 1 in Dodging
  3062 | D:3      | Reached XP level 6. HP: 53/53 MP: 5/5
  3381 | D:4      | Reached skill level 5 in Fighting
  4001 | D:4      | Reached XP level 7. HP: 55/61 MP: 6/6
  4186 | D:5      | Reached skill level 5 in Dodging
  4745 | D:5      | Found a shadowy altar of Dithmenos.
  4799 | D:5      | Found a snail-covered altar of Cheibriados.
  4999 | D:5      | Reached skill level 5 in Armour
  5115 | D:6      | Found a bloodstained altar of Trog.
  5129 | D:5      | Reached skill level 7 in Axes
  5565 | D:6      | Reached XP level 8. HP: 54/68 MP: 7/7
  5709 | D:6      | Found a radiant altar of Vehumet.
  5714 | D:6      | Reached skill level 8 in Axes
  6200 | D:6      | Found a staircase to the Ecumenical Temple.
  6870 | D:7      | Reached skill level 1 in Evocations
  7000 | Temple   | Entered the Ecumenical Temple
  7133 | Temple   | Became a worshipper of Warmaster Okawaru
  7487 | D:7      | Reached skill level 1 in Invocations
  7498 | D:7      | Found an ancient bone altar of Kikubaaqudgha.
  7652 | D:7      | Found a sparkling altar of Nemelex Xobeh.
  7778 | D:7      | Noticed Pikel
  7814 | D:7      | Killed Pikel
  7814 | D:7      | Reached * piety under Okawaru
  7814 | D:7      | Reached ** piety under Okawaru
  7814 | D:7      | Reached skill level 9 in Axes
  7814 | D:7      | Reached XP level 9. HP: 49/74 MP: 8/10
  7948 | D:7      | Found a sparkling altar of Nemelex Xobeh.
  8033 | D:7      | Found an ornate altar of the Wu Jian Council.
  8641 | D:7      | Found an ancient bone altar of Kikubaaqudgha.
  8711 | D:7      | Found an ornate altar of the Wu Jian Council.
  8763 | D:7      | Found a sparkling altar of Nemelex Xobeh.
  8954 | D:7      | Found a sparkling altar of Nemelex Xobeh.
  9373 | D:8      | Noticed a two-headed ogre
  9378 | D:8      | Killed a two-headed ogre
  9378 | D:8      | Reached *** piety under Okawaru
  9378 | D:8      | Reached skill level 10 in Axes
  9430 | D:8      | Found a large runed translucent door.
  9430 | D:8      | Found a large runed translucent door.
  9434 | D:8      | Noticed a manticore
  9439 | D:8      | Found a large runed translucent door.
  9439 | D:8      | Found a large runed translucent door.
  9444 | D:8      | Killed a manticore
  9444 | D:8      | Reached skill level 5 in Invocations
  9444 | D:8      | Reached XP level 10. HP: 79/81 MP: 9/12
  9503 | D:8      | Reached skill level 5 in Evocations
  9681 | D:8      | Found an opulent altar of Gozag.
 10219 | D:8      | Received a gift from Okawaru
 10465 | D:8      | Found a broken altar of Ashenzari.
 10843 | D:9      | Found a transporter.
 10855 | D:9      | Noticed a fire crab
 10960 | D:9      | Reached skill level 10 in Armour
 11005 | D:9      | Found Mikeneke's Assorted Antiques.
 11009 | D:9      | Bought a scroll of identify for 62 gold pieces
 11014 | D:9      | Noticed a death yak
 11015 | D:9      | Noticed a death yak
 11031 | D:9      | Noticed a death yak
 11039 | D:9      | Killed a death yak
 11039 | D:9      | Reached skill level 11 in Axes
 11050 | D:9      | Killed a death yak
 11050 | D:9      | Reached **** piety under Okawaru
 11058 | D:9      | Killed a death yak
 11530 | D:9      | Found a transporter.
 11726 | D:9      | Found a staircase to the Lair.
 11972 | D:9      | Reached XP level 11. HP: 86/86 MP: 13/13
 12054 | D:9      | Reached skill level 12 in Axes
 12337 | D:10     | Entered Level 10 of the Dungeon
 12397 | D:10     | Reached skill level 1 in Bows
 12662 | D:9      | HP: 3/86 [komodo dragon (22)]
 12669 | D:9      | HP: 3/86 [water moccasin (2)]
 13087 | D:10     | Noticed Snorg
 13508 | D:8      | Mangled by Snorg

Illustrated notes

Levels and vault maps discovered:
D:1:      dpeg_arrival_stonehenge_8_columns, layout_basic
D:2:      layout_basic, lemuel_round_altar
D:3:      layout_basic, overflow_temple_1_default
D:4:      layout_basic
D:5:      layout_loops_cross, nicolae_overflow_crystal_walls,
          grunt_dithmenos_smoke, kennysheep_generic_room_2
D:6:      kb_forest_paths, layout_layer_cave, vehumet_altar_wand_db,
          trog_ov_bears_minmay, minmay_temple_entry_trees
D:7:      cheibrodos_fertilizer, layout_basic, lemuel_coloured_pillars_altar,
          kiku_gazebo_pond_becter, lemuel_round_altar, interstate_on_off,
          nemelex_diamond_rough_becter, uniq_pikel
D:8:      layout_loops_corners, nicolae_gozag_seed_capital,
          lemuel_crystal_altar, minmay_hollow_rounded_squares
D:9:      gammafunk_wand_slinger, layout_layer_cave, dpeg_lair_monsters,
          serial_shops, nicolae_shop_trees
D:10:     layout_cave_pools, serial_shops, shop, uniq_snorg
Temple:   jpeg_temple_clearing

Skill      XL: |  1  2  3  4  5  6  7  8  9 10 11 |
---------------+----------------------------------+-----
Axes           | 3 4 5 6 7 9 10 11 12 | 12.2
Armour         | 4 6 8 9 11 | 11.6
Fighting       | 4 5 |  5.0
Shields        | 4 |  4.0
Dodging        | 2 4 5 |  5.0
Evocations     | 3 4 6 |  6.0
Invocations    | 3 5 |  5.0
Bows           | 2 |  2.3

Action                   |  1- 3 |  4- 6 |  7- 9 | 10-12 || total
-------------------------+-------+-------+-------+-------++-------
Melee: War axe           |    67 |   151 |   254 |   230 ||   702
       Headbutt          |     9 |    32 |    52 |    43 ||   136
Invok: Heroism           |       |       |     1 |     2 ||     3
Evoke: Wand              |       |       |     6 |       ||     6
       Condenser vane    |       |       |       |     2 ||     2
       Box of beasts     |       |       |       |     2 ||     2
       Phantom mirror    |       |       |       |     1 ||     1
  Use: Scroll            |       |     4 |     7 |     4 ||    15
       Potion            |       |       |     5 |     3 ||     8
 Stab: Invisible         |       |       |     2 |       ||     2
Armor: Scale mail        |    34 |    59 |   104 |   102 ||   299
Dodge: Dodged            |    21 |    35 |   118 |    92 ||   266
Block: Kite shield       |    39 |    73 |   149 |   130 ||   391

Table legend: (Time is in decaauts)
 A = Elapsed time spent in this place.
 B = Non-inter-level travel time spent in this place.
 C = Inter-level travel time spent in this place.
 D = Time resting spent in this place.
 E = Time spent auto-exploring this place.
 F = Levels seen in this place.
 G = Mean time per level.
                   A        B        C        D        E       F      G
               +--------+--------+--------+--------+--------+-----+--------+
         Total |  13628 |  12926 |    702 |   2754 |   8343 |  11 | 1238.9 |
       Dungeon |  13484 |  12811 |    673 |   2754 |   8233 |  10 | 1348.4 |
        Temple |    143 |    114 |     29 |      0 |    110 |   1 |  143.0 |
               +--------+--------+--------+--------+--------+-----+--------+

Top non-repeatable levels by time:
     D:6: 2096 daAuts
     D:9: 2067 daAuts
     D:8: 1926 daAuts
     D:7: 1754 daAuts
     D:3: 1711 daAuts
     D:5: 1066 daAuts
     D:1: 886 daAuts
     D:2: 882 daAuts
     D:4: 766 daAuts
    D:10: 325 daAuts
  Temple: 143 daAuts
